 Dungeon Crawl Stone Soup version 0.31.0-11-ge490571c62 (webtiles) character file.

Game seed: 8177570731455019733

1313 Drazool the Changeling (level 8, -11/72 HPs)
             Began as a Naga Shapeshifter on Jan 31, 2024.
             Was a Believer of Uskayaw.
             Killed from afar by a steam dragon (13 damage)
             ... with a ball of steam
             ... on level 7 of the Dungeon.
             The game lasted 00:26:29 (6918 turns).

Drazool the Changeling (Naga Shapeshifter)          Turns: 6918, Time: 00:26:30

Health: -11/72     AC:  3    Str: 17    XL:     8   Next: 58%
Magic:  8/8        EV: 14    Int: 10    God:    Uskayaw [**....]
Gold:   350        SH:  0    Dex: 13    Spells: 7/7 levels left

rFire   . .          .
                       - Unarmed
rCold   . . .        (shield currently unavailable)
rNeg    . . .        x - melded +0 robe "Foynlil" {Int+3 Dex+3 Archmagi}
rPois   +            (no helmet)
rElec   .            (no cloak)
rCorr   .            i - +0 pair of gloves
SInv    +            (no barding)
Will    ++...        (no amulet)
Stlth   +            W - ring of willpower
HPRegen 0.32/turn    (no ring)
MPRegen 0.11/turn

%: no passive effects
@: flux-form, glowing, very slow
A: glow, contaminating, AC +2, large, see invisible, deformed body, poison
resistance, slowness 2, spit poison 1, naga tail 1
a: Spit Poison, Begin Untransformation, Renounce Religion, Stomp, Line Pass


You were on level 7 of the Dungeon.
You worshipped Uskayaw.
Uskayaw was noncommittal.
You were something dangerously unstable.
You visited 2 branches of the dungeon, and saw 8 of its levels.
You also visited: Sewer.

You collected 350 gold pieces.


Innate Abilities, Weirdness & Mutations

You are something dangerously unstable.
You glow with magical radiation, making you easy to see and hit.
Foes you strike become dangerously contaminated with magical radiation.
You are incapable of wielding weapons or throwing items.
Your serpentine skin is tough. (AC +2)
You have supernaturally acute eyesight. (SInv)
Armour fits poorly on your strangely shaped body.
Your system is resistant to poisons. (rPois)
You cover ground very slowly.
You can spit poison.
You have a snake-like lower body.


   Skills:
 - Level 4.0 Fighting
 - Level 1.5 Dodging
 - Level 7.0 Unarmed Combat
 + Level 0.4 Invocations
 - Level 7.0 Shapeshifting


You had 7 spell levels left.
You didn't know any spells.
Your spell library contained the following spells:

 Spells                   Type           Power      Damage    Failure   Level
 Magic Dart               Conj           0%         1d3       36%         1
 Blink                    Tloc           0%         N/A       50%         2
 Call Imp                 Summ           0%         N/A       50%         2
 Mercury Vapours          Alch/Air       0%         N/A       50%         2
 Call Canine Familiar     Summ           0%         N/A       75%         3
 Mephitic Cloud           Conj/Alch/Air  0%         N/A       75%         3
 Sigil of Binding         Hex            0%         N/A       75%         3
 Dimensional Bullseye     Hex/Tloc       0%         N/A       98%         4
 Freezing Cloud           Conj/Ice/Air   0%         6-21      100%        5

Inventory:

Armour
 i - a +0 pair of gloves (worn)
 x - the +0 robe "Foynlil" (melded) {Int+3 Dex+3 Archmagi}
   (You found it on level 7 of the Dungeon)

   Int+3:     It affects your intelligence (+3).
   Dex+3:     It affects your dexterity (+3).
   Archmagi:  It increases the power of your magical spells.
Jewellery
 F - a ring of fire
 W - a ring of willpower (left hand)
Talismans
 c - a beast talisman
 d - a flux talisman (active)
Wands
 j - a wand of flame (21)
Scrolls
 e - 2 scrolls of revelation
 g - 2 scrolls of immolation
 l - a scroll of blinking
 n - 2 scrolls of fog
 o - 3 scrolls of poison
 s - a scroll of fear
 u - 5 scrolls of teleportation {@r2}
Potions
 b - a potion of lignification
 f - 2 potions of mutation
 h - 2 potions of resistance
 k - a potion of invisibility {unknown}
 m - a potion of might {unknown}
 p - a potion of attraction {unknown}
 q - a potion of heal wounds {unknown}
 r - a potion of magic {unknown}
 t - 2 potions of haste {@q3}
 v - 4 potions of enlightenment
 w - a potion of brilliance {unknown}

Dungeon Overview and Level Annotations

Branches:
Dungeon (7/15)             Temple (1/1) D:6           Sewer (visited)

Altars:
Ashenzari
Cheibriados
Dithmenos
Elyvilon
Fedhas
Gozag
Hepliaklqana
Kikubaaqudgha
Makhleb
Nemelex Xobeh
Okawaru
Qazlal
Ru
Sif Muna
Trog
Uskayaw
Vehumet
Wu Jian
Xom
Yredelemnul
Zin
The Shining One

Shops:
D:6

= ..... ## ... ..
... #. ... #. #.#
#. #.# #. #.#
#D######### ##.##
#(§p......#
##.#.##
#########.#
######(###.## #.#
......## ##.#
#######.#
######.###.##
#.......# ##.#.##
#.#######
##.#######.######
##.............#
#.######.####.#


You could see a steam dragon (heavy contam, catching breath, misshapen).


Message History

You barely miss the steam dragon.
The steam dragon is lightly wounded.
The steam dragon bites you!
* * * LOW HITPOINT WARNING * * *
The steam dragon barely misses you.
You hit the steam dragon.
The steam dragon shudders as magic cascades through it.
The steam dragon twists and deforms.
The steam dragon is moderately wounded.
The steam dragon looks more healthy.
The steam dragon bites you.
* * * LOW HITPOINT WARNING * * *
The steam dragon misses you.
You closely miss the steam dragon.
The steam dragon is moderately wounded.
The steam dragon closely misses you. The steam dragon misses you.
You punch the steam dragon!
The steam dragon begins to glow.
The steam dragon is severely wounded.
The steam dragon breathes steam at you. The ball of steam hits you!!
* * * LOW HITPOINT WARNING * * *
You can now pass through a line of other dancers.
You hit the steam dragon.
The steam dragon glows dangerously bright.
The steam dragon is severely wounded.
You are engulfed in a cloud of scalding steam.
* * * LOW HITPOINT WARNING * * *
The steam dragon barely misses you. The steam dragon completely misses you.
The steam dragon breathes steam at you. The ball of steam hits you!
You die...

Skill      XL: |  1  2  3  4  5  6  7  8 |
---------------+-------------------------+-----
Unarmed Combat | 4 5 7 |  7.0
Fighting       | 2 3 4 |  4.0
Shapeshifting  | 4 5 6 7 |  7.0
Dodging        | |  1.5
Invocations    | |  0.4

Action                     |  1- 3 |  4- 6 |  7- 9 || total
---------------------------+-------+-------+-------++-------
  Melee: Unarmed           |    54 |   109 |   220 ||   383
         Punch             |       |     1 |     2 ||     3
Ability: Spit Poison       |    32 |    40 |    48 ||   120
         Begin Untransform |       |       |     1 ||     1
    Use: Scroll            |     2 |     3 |     7 ||    12
         Potion            |       |     1 |     3 ||     4
   Stab: Paralysed         |       |       |     2 ||     2
 Armour: Animal skin       |    29 |    59 |    61 ||   149
         Skin              |       |     9 |    79 ||    88
  Dodge: Dodged            |    19 |    31 |    99 ||   149
   Form: Flux              |       |       |     2 ||     2

Levels and vault maps discovered:
D:1:      dpeg_arrival_connections, layout_basic
D:2:      layout_loops_ring
D:3:      layout_basic, gammafunk_temple_overflow_elements
D:4:      layout_gridville
D:5:      layout_basic, st_stairs_4, hex_large, kennysheep_donut
D:6:      layout_gridville, minmay_temple_entry_glassed_door,
          gup_sewer_entry_bubbles, serial_shops, shop, palyth_stone_intersect,
          nrook_loot_triangle, nrook_mini_backslash
D:7:      layout_loops_ring, uniq_joseph, uniq_maggie
Temple:   nicolae_temple_slightly_damp_pantheon

Notes
Turn   | Place    | Note
-------+----------+-------------------------------------------
     0 | D:1      | Drazool the Naga Shapeshifter began the quest for the Orb.
     0 | D:1      | Reached XP level 1. HP: 18/18 MP: 1/1
   224 | D:1      | Reached XP level 2. HP: 19/25 MP: 2/2
   620 | D:2      | Reached skill level 4 in Unarmed Combat
   732 | D:2      | Reached XP level 3. HP: 31/31 MP: 3/3
  1327 | D:2      | Reached XP level 4. HP: 38/38 MP: 4/4
  1594 | D:3      | Reached skill level 5 in Unarmed Combat
  1695 | D:3      | Reached skill level 2 in Fighting
  1752 | D:3      | Found a broken altar of Ashenzari.
  1752 | D:3      | Found a bloodstained altar of Trog.
  1825 | D:3      | Reached XP level 5. HP: 46/46 MP: 5/5
  2262 | D:4      | Reached skill level 3 in Fighting
  2361 | D:4      | Noticed a phantom
  2388 | D:4      | Killed a phantom
  2389 | D:4      | Reached skill level 4 in Shapeshifting
  2389 | D:4      | Reached XP level 6. HP: 7/56 MP: 6/6
  2727 | D:5      | Entered Level 5 of the Dungeon
  3002 | D:5      | Reached skill level 5 in Shapeshifting
  3267 | D:4      | Reached XP level 7. HP: 42/63 MP: 7/7
  3591 | D:5      | Identified 2 potions of resistance
  3718 | D:5      | Reached skill level 4 in Fighting
  4382 | D:6      | Found a staircase to the Ecumenical Temple.
  4393 | Temple   | Entered the Ecumenical Temple
  4412 | Temple   | Became a worshipper of Uskayaw the Reveller
  4458 | D:6      | Reached * piety under Uskayaw
  4538 | D:6      | Found a glowing drain.
  4546 | Sewer    | Entered a sewer
  4653 | Sewer    | Reached ** piety under Uskayaw
  4860 | Sewer    | HP: 6/64 [crocodile (15)]
  4891 | Sewer    | Reached *** piety under Uskayaw
  4906 | Sewer    | Reached skill level 6 in Shapeshifting
  5206 | D:6      | Found Igeipsio's Jewellery Shoppe.
  5212 | D:6      | Noticed a steam dragon
  5695 | D:6      | Reached XP level 8. HP: 68/71 MP: 8/8
  5759 | D:6      | Reached skill level 7 in Shapeshifting
  6094 | D:6      | Reached skill level 6 in Unarmed Combat
  6780 | D:7      | Reached skill level 7 in Unarmed Combat
  6801 | D:7      | Identified the +0 robe "Foynlil" {Int+3 Dex+3 Archmagi}
  6917 | D:7      | HP: 2/72 [steam dragon] (8)]
  6918 | D:7      | Killed from afar by a steam dragon

Vanquished Creatures
  A steam dragon (D:6)
  A water moccasin (D:6)
  A crocodile (Sewer)
  A sky beast (D:7)
  A phantom (D:4)
  A scorpion (D:4)
  A jelly (D:3)
  4 hounds
  A bombardier beetle (D:5)
  2 orc priests
  A gnoll bouda (D:6)
  2 iguanas
  4 orc wizards
  A sickly merfolk siren (Sewer)
  A malarious merfolk avatar (Sewer)
  6 gnolls
  8 adders
  2 river rats
  A white imp (D:5)
  2 ufetubi (D:6)
  3 dart slugs
  3 ribbon worms
  17 orcs
  11 ball pythons
  7 bats
  8 endoplasms
  7 giant cockroaches
  9 goblins
  6 hobgoblins
  2 kobolds
  7 quokkas
  6 frilled lizards
  26 rats
154 creatures vanquished.

Table legend: (Time is in decaauts)
 A = Elapsed time spent in this place.
 B = Non-inter-level travel time spent in this place.
 C = Inter-level travel time spent in this place.
 D = Time resting spent in this place.
 E = Time spent auto-exploring this place.
 F = Levels seen in this place.
 G = Mean time per level.
                   A        B        C        D        E       F      G
               +--------+--------+--------+--------+--------+-----+--------+
         Total |   8633 |   8233 |    400 |    782 |   5839 |   9 |  959.2 |
       Dungeon |   7914 |   7566 |    348 |    730 |   5556 |   7 | 1130.6 |
        Temple |     53 |      2 |     51 |      0 |      0 |   1 |   53.0 |
         Sewer |    665 |    665 |      0 |     52 |    283 |   1 |  665.0 |
               +--------+--------+--------+--------+--------+-----+--------+

Top non-repeatable levels by time:
     D:6: 1944 daAuts
     D:5: 1931 daAuts
     D:3: 1106 daAuts
     D:2: 1051 daAuts
     D:1: 815 daAuts
   Sewer: 665 daAuts
     D:4: 661 daAuts
     D:7: 404 daAuts
  Temple: 53 daAuts

Table legend:
 A = Non-vault XP
 B = Vault XP
 C = Vault XP percentage of total XP
 D = Non-vault monster count
 E = Vault monster count
 F = Vault count percentage of total count
                 A         B        C        D         E       F
            +---------+---------+-------+---------+---------+-------
      Total |    1568 |     309 |  16.5 |     109 |      45 |  29.2
            +---------+---------+-------+---------+---------+-------
        D:1 |      27 |       0 |   0.0 |      16 |       0 |   0.0
        D:2 |      62 |       0 |   0.0 |      21 |       0 |   0.0
        D:3 |      83 |       0 |   0.0 |      17 |       0 |   0.0
        D:4 |     248 |       0 |   0.0 |      11 |       0 |   0.0
        D:5 |     244 |      11 |   4.3 |      17 |       3 |  15.0
        D:6 |     695 |      35 |   4.8 |      21 |       7 |  25.0
        D:7 |     209 |       0 |   0.0 |       6 |       0 |   0.0
      Sewer |       0 |     263 | 100.0 |       0 |      35 | 100.0
            +---------+---------+-------+---------+---------+-------
